Map: Odyssey LE

Players

Winthrowe

  • Race: Protoss Protoss
  • League: Silver
  • Spawn Location: 11:00

Tanoshii - Winner!

  • Race: Terran Terran
  • Spawn Location: 5:00

VOD

Have the link to the VOD?

Description

Time

  • Played on: Aug. 18, 2017, 6:45 p.m.
  • Length: 7:12
Show
View Real Time Build Order
Export as new Build Order

Winthrowe Protoss 

Build Orders: 1 Gate Expand, Double Forge 

Get SALT Encoding   

  12  0:02  Probe (Chrono Boost)  
  13  0:16  Pylon  
  13  0:18  Probe (Chrono Boost)  
  14  0:29  Probe (Chrono Boost)  
  15  0:39  Probe (Chrono Boost)  
  16  0:44  Gateway  
  17  0:50  Probe (Chrono Boost)  
  17  0:56  Gateway  
  17  1:05  Probe (Chrono Boost)  
  17  1:11  Assimilator  
  18  1:36  Nexus  
  18  1:42  Probe (Chrono Boost)  
  19  1:49  Zealot x2  
  23  2:38  Probe (Chrono Boost)  
  23  2:48  Zealot x2, Probe (Chrono Boost)  
  28  2:56  Pylon  
  28  2:58  Pylon  
  28  3:13  Probe (Chrono Boost)  
  28  3:14  Probe (Chrono Boost)  
  28  3:15  Zealot x2  
  34  3:24  Probe x2 (Chrono Boost)  
  36  3:34  Probe (Chrono Boost)  
  36  3:35  Probe (Chrono Boost)  
  38  3:42  Zealot  
  40  4:05  Assimilator  
  40  4:09  Zealot  
  42  4:24  Gateway  
  42  4:26  Gateway  
  42  4:28  Forge  
  42  4:31  Forge, Probe x2 (Chrono Boost)  
  44  4:36  Zealot  
  46  4:41  Probe (Chrono Boost)  
  46  4:42  Probe (Chrono Boost)  
  48  4:52  Probe x2 (Chrono Boost)  
  43  5:02  Probe (Chrono Boost)  
  43  5:03  Probe (Chrono Boost)  
  45  5:13  Probe x2 (Chrono Boost)  
  47  5:21  Cybernetics Core  
  36  6:00  Stalker x2  
  36  6:01  Stalker x2  
  40  6:13  Probe x2 (Chrono Boost)  
  42  6:24  Probe (Chrono Boost)  
  40  6:30  Stalker x2  
  31  6:50  Robotics Facility  
Show
View Real Time Build Order
Export as new Build Order

Tanoshii Terran - Winner!

Build Orders:  

Get SALT Encoding   

  12  0:01  SCV  
  13  0:13  SCV  
  14  0:18  Supply Depot  
  14  0:25  SCV  
  15  0:29  Refinery  
  15  0:43  Barracks  
  15  0:46  SCV  
  16  0:59  SCV  
  17  1:07  Supply Depot  
  17  1:13  SCV  
  18  1:25  SCV  
  19  1:33  Reaper  
  19  1:37  Orbital Command  
  20  1:43  Refinery  
  20  1:56  Refinery  
  20  1:57  Factory  
  20  2:18  Barracks Reactor  
  20  2:46  Starport, SCV  
  20  2:50  Supply Depot  
  21  3:03  SCV  
  22  3:07  Barracks Reactor  
  22  3:14  Widow Mine  
  22  3:15  SCV, Widow Mine  
  22  3:16  Engineering Bay  
  26  3:22  Engineering Bay  
  26  3:24  Medivac  
  28  3:28  SCV  
  29  3:43  Widow Mine x2  
  29  3:44  Marine  
  34  3:51  SCV  
  34  3:53  Medivac  
  37  4:08  Marine  
  37  4:09  Marine  
  39  4:21  Command Center  
  39  4:46  Supply Depot  
  39  4:50  Supply Depot  
  39  5:03  Supply Depot, SCV, Cyclone  
  39  5:05  Liberator  
  39  5:06  Cyclone  
  46  5:15  SCV  
  47  5:27  SCV  
  51  5:41  Orbital Command  
  51  5:44  SCV  
  51  5:47  Widow Mine x2  
  51  5:48  Marine x2  
  58  5:56  SCV  
  59  6:08  SCV  
  59  6:09  SCV  
  61  6:20  SCV  
  61  6:21  SCV  
  63  6:31  Widow Mine x2  
  63  6:32  SCV  
  68  6:34  Marine x2  
  73  6:51  Command Center  
  73  6:52  Marine  
  74  6:54  SCV x2  
  81  7:11  Missile Turret  
Tags
 
Add a new tag
Caveats
  • Supply blocks, unpowered buildings, or Contaminate may cause inaccurate times.
  • Supply counts are checked every 10 seconds.